Map: [ESL] Oceanborn

Players

Jieshi

  • Race: Protoss Protoss
  • Spawn Location: 11:00

Nice - Winner!

  • Race: Protoss Protoss
  • Spawn Location: 5:00

Event: ESL SC2 Masters 2024 Spring (Regional)

VOD

Have the link to the VOD?

Description

Time

  • Played on: April 26, 2024, 7:07 a.m.
  • Length: 12:58

All games in this series

Show
View Real Time Build Order
Export as new Build Order

Jieshi Protoss 

Build Orders: Archon Immortal 

Get SALT Encoding   

  12  0:00  Probe  
  13  0:12  Probe  
  14  0:17  Pylon  
  14  0:24  Probe (Chrono Boost)  
  16  0:36  Probe (Chrono Boost)  
  16  0:37  Gateway  
  16  0:43  Probe (Chrono Boost)  
  16  0:45  Assimilator  
  17  0:51  Probe  
  17  0:56  Assimilator  
  18  1:03  Probe (Chrono Boost)  
  19  1:07  Gateway  
  19  1:12  Probe (Chrono Boost)  
  19  1:17  Probe (Chrono Boost)  
  20  1:24  Cybernetics Core  
  21  1:29  Probe  
  22  1:34  Pylon  
  22  1:41  Probe  
  23  1:53  Probe  
  24  1:59  Warp Gate  
  24  2:00  Stalker x2  
  28  2:11  Pylon  
  28  2:30  Stalker x2  
  32  2:53  Nexus  
  32  3:00  Sentry x2  
  32  3:03  Probe  
  35  3:08  Pylon  
  35  3:15  Robotics Facility  
  35  3:16  Probe  
  36  3:26  Shield Battery  
  36  3:28  Probe  
  37  3:38  Shield Battery  
  37  3:41  Probe  
  38  3:47  Sentry  
  40  3:53  Probe  
  40  3:55  Stalker  
  43  4:03  Immortal (Chrono Boost)  
  43  4:05  Probe  
  49  4:16  Stalker  
  46  4:18  Stalker  
  46  4:20  Probe (Chrono Boost)  
  44  4:29  Probe (Chrono Boost)  
  46  4:31  Probe (Chrono Boost)  
  48  4:38  Probe x2 (Chrono Boost)  
  48  4:46  Probe (Chrono Boost)  
  48  4:47  Probe (Chrono Boost)  
  48  4:49  Observer  
  51  4:57  Probe (Chrono Boost)  
  51  4:59  Forge  
  53  5:00  Probe (Chrono Boost)  
  53  5:02  Probe (Chrono Boost)  
  54  5:08  Probe  
  54  5:11  Twilight Council  
  54  5:12  Probe  
  56  5:20  Probe  
  57  5:24  Probe  
  58  5:32  Probe  
  58  5:33  Protoss Ground Weapons Level 1 (Chrono Boost)  
  58  5:34  Pylon  
  59  5:36  Probe  
  60  5:44  Probe  
  60  5:46  Charge (Chrono Boost)  
  60  5:48  Assimilator  
  60  5:49  Probe  
  62  5:50  Assimilator  
  63  5:57  Probe (Chrono Boost)  
  63  6:01  Probe (Chrono Boost), Gateway x2  
  64  6:09  Probe (Chrono Boost)  
  64  6:10  Pylon  
  66  6:12  Probe (Chrono Boost)  
  66  6:14  Probe (Chrono Boost)  
  66  6:16  Pylon, Observer, Probe (Chrono Boost)  
  67  6:23  Probe  
  69  6:27  Gateway  
  69  6:29  Gateway  
  69  6:32  Templar Archives  
  69  6:35  Probe  
  69  6:36  Gateway  
  69  6:37  Immortal  
  70  6:41  Gateway  
  74  6:55  Photon Cannon  
  74  6:57  Pylon x2  
  74  7:10  Nexus  
  74  7:11  Probe  
  74  7:12  Probe  
  76  7:19  Protoss Ground Weapons Level 2 (Chrono Boost)  
  76  7:21  Immortal (Chrono Boost)  
  80  7:24  Probe x2  
  82  7:30  High Templar x2  
  82  7:31  Zealot  
  82  7:36  Archon  
  88  7:37  Probe  
  88  7:38  Probe  
  88  7:44  Photon Cannon  
  90  7:46  Pylon  
  90  7:52  Photon Cannon  
  90  7:53  Probe  
  90  7:54  Probe  
  92  7:59  Zealot, High Templar x2  
  92  8:05  Zealot, Archon  
  100  8:06  Zealot  
  100  8:11  Warp Prism  
  102  8:14  Probe  
  102  8:18  Pylon  
  105  8:24  Probe (Chrono Boost)  
  105  8:26  High Templar x2  
  111  8:27  Zealot  
  111  8:31  Assimilator, Archon  
  111  8:32  Probe (Chrono Boost)  
  111  8:33  Assimilator  
  114  8:36  Probe (Chrono Boost)  
  114  8:38  Probe (Chrono Boost)  
  114  8:40  Probe (Chrono Boost)  
  116  8:46  Probe  
  116  8:47  Immortal  
  121  8:51  Probe x2  
  121  8:53  Pylon  
  123  9:01  Pylon  
  123  9:04  Pylon  
  123  9:05  Pylon  
  123  9:06  High Templar x2  
  123  9:07  Zealot x3  
  123  9:08  Zealot  
  132  9:11  Archon  
  132  9:15  Pylon  
  132  9:23  High Templar  
  132  9:24  Protoss Ground Weapons Level 3 (Chrono Boost), High Templar  
  136  9:27  Zealot x2  
  136  9:28  Zealot x2  
  136  9:29  Archon  
  144  9:33  Pylon  
  144  9:40  Zealot  
  144  9:41  Zealot  
  148  9:48  Nexus  
  148  9:56  High Templar x2  
  148  9:59  Zealot  
  154  10:00  Zealot x2  
  154  10:04  Archon  
  158  10:07  Zealot x3  
  158  10:10  Photon Cannon  
  158  10:12  Shield Battery  
  164  10:26  High Templar x2  
  168  10:30  High Templar x2  
  168  10:31  Zealot x4  
  168  10:32  Archon  
  168  10:33  Probe  
  181  10:35  Pylon  
  181  10:36  Archon  
  181  10:39  Pylon  
  181  10:47  Robotics Bay  
  181  10:53  Probe x2  
  183  10:58  Zealot x2, High Templar x2  
  183  10:59  Zealot x2  
  183  11:03  Gateway  
  183  11:04  Archon  
  195  11:06  Immortal, Gateway  
  195  11:10  Probe  
  200  11:30  Zealot  
  200  11:31  Zealot x4  
  190  11:38  Zealot x3  
  164  11:46  Immortal (Chrono Boost)  
  106  11:57  High Templar x3  
  106  11:58  Zealot, High Templar  
  106  11:59  Zealot x3  
  106  12:00  Zealot  
  106  12:01  Archon  
  120  12:12  Zealot  
  120  12:13  Archon  
  122  12:19  Immortal (Chrono Boost)  
  122  12:20  Zealot x3  
  122  12:21  Zealot x2  
  114  12:32  Zealot x4  
  104  12:40  Zealot x3  
  104  12:41  Zealot  
  86  12:46  Zealot x2  
Show
View Real Time Build Order
Export as new Build Order

Nice Protoss - Winner!

Build Orders: Oracle Opening, Zealot Archon 

Get SALT Encoding   

  12  0:00  Probe  
  13  0:12  Probe  
  14  0:16  Pylon  
  14  0:24  Probe (Chrono Boost)  
  16  0:35  Probe (Chrono Boost)  
  16  0:36  Gateway  
  16  0:41  Probe  
  16  0:46  Assimilator  
  17  0:53  Probe (Chrono Boost)  
  17  0:54  Assimilator  
  18  1:05  Probe (Chrono Boost)  
  18  1:06  Gateway  
  19  1:13  Probe (Chrono Boost)  
  20  1:19  Probe  
  20  1:24  Cybernetics Core  
  21  1:31  Probe  
  22  1:35  Pylon  
  22  1:43  Probe  
  23  2:01  Stalker x2  
  23  2:02  Warp Gate  
  23  2:05  Pylon  
  23  2:07  Probe  
  28  2:31  Stalker x2  
  31  2:40  Stargate  
  31  2:45  Probe  
  32  3:07  Nexus  
  32  3:11  Pylon  
  32  3:12  Probe  
  33  3:21  Oracle (Chrono Boost)  
  33  3:25  Probe  
  37  3:32  Shield Battery  
  37  3:45  Probe  
  41  3:48  Oracle (Chrono Boost)  
  41  3:55  Twilight Council  
  41  3:57  Probe  
  42  4:04  Shield Battery  
  42  4:09  Probe  
  47  4:25  Probe x2  
  47  4:27  Void Ray (Chrono Boost)  
  47  4:29  Robotics Facility  
  49  4:37  Probe (Chrono Boost)  
  51  4:43  Probe (Chrono Boost)  
  51  4:47  Probe (Chrono Boost)  
  51  4:50  Probe (Chrono Boost)  
  51  4:52  Probe (Chrono Boost)  
  53  4:55  Pylon  
  54  5:01  Probe  
  54  5:04  Forge, Probe  
  56  5:07  Sentry  
  56  5:08  Sentry  
  56  5:13  Probe  
  61  5:14  Pylon  
  61  5:16  Observer (Chrono Boost), Probe  
  63  5:26  Probe  
  63  5:28  Probe  
  65  5:34  Assimilator  
  65  5:35  Assimilator  
  65  5:38  Probe  
  65  5:39  Immortal (Chrono Boost)  
  65  5:40  Probe  
  71  5:50  Probe  
  71  5:52  Protoss Ground Weapons Level 1 (Chrono Boost), Probe  
  73  6:02  Nexus, Probe  
  74  6:04  Probe  
  74  6:07  Warp Prism (Chrono Boost)  
  77  6:13  Pylon  
  77  6:23  Gateway  
  77  6:24  Gateway  
  77  6:25  Twilight Council  
  77  6:34  Immortal (Chrono Boost)  
  77  6:35  Shield Battery  
  81  6:42  Gateway  
  81  6:45  Gateway  
  81  6:54  Gateway  
  81  6:55  Gateway  
  81  7:02  Pylon, Shield Battery  
  81  7:05  Templar Archives  
  81  7:10  Zealot  
  81  7:14  Zealot  
  85  7:19  Photon Cannon  
  85  7:21  Zealot  
  87  7:23  Zealot  
  87  7:29  Shield Battery  
  89  7:37  Immortal  
  89  7:42  Protoss Ground Weapons Level 2 (Chrono Boost)  
  93  7:45  Probe x3  
  93  7:48  High Templar x2  
  100  7:55  Archon  
  100  7:58  Pylon  
  100  8:04  Probe x3  
  100  8:05  High Templar x2  
  105  8:06  Zealot  
  109  8:15  Gateway  
  109  8:18  Gateway  
  109  8:19  Archon  
  109  8:20  Pylon, Photon Cannon  
  109  8:22  Pylon  
  109  8:23  Zealot  
  111  8:34  Zealot, High Templar x2  
  113  8:38  Pylon, Archon  
  113  8:40  Zealot x3  
  123  8:45  Pylon  
  123  8:46  Pylon  
  123  8:58  Nexus  
  123  9:02  High Templar x2  
  127  9:08  Observer, Archon  
  127  9:11  Zealot x5  
  127  9:16  Charge (Chrono Boost)  
  137  9:18  Shield Battery  
  137  9:20  Shield Battery  
  137  9:21  Pylon  
  137  9:25  Zealot x2  
  141  9:38  Shield Battery  
  141  9:39  Shield Battery  
  141  9:41  Pylon, Observer  
  141  9:45  Zealot x4, High Templar x2  
  145  9:49  Pylon, Archon, Protoss Ground Armor Level 1 (Chrono Boost)  
  153  9:56  Zealot x2  
  157  10:03  Shield Battery  
  157  10:07  Zealot x3  
  157  10:13  Zealot x3  
  169  10:26  Zealot, High Templar x2  
  169  10:27  Zealot  
  177  10:30  Archon  
  177  10:35  Zealot x5  
  187  10:50  High Templar x2  
  187  10:51  Zealot  
  187  10:54  Archon  
  193  11:00  Pylon  
  193  11:01  Pylon  
  193  11:08  Zealot  
  195  11:22  Zealot x2  
  199  11:26  Gateway  
  199  11:27  Dark Shrine  
  199  11:29  Gateway  
  183  11:34  Zealot x8  
  173  11:44  Zealot x2  
  100  11:54  Probe x3  
  100  11:59  Zealot x8  
  111  12:15  High Templar x4  
  115  12:16  Zealot  
  115  12:19  Archon  
  115  12:20  Archon  
  121  12:23  Zealot x5  
  96  12:40  Zealot  
  94  12:50  Zealot x7  
Tags
 
Add a new tag
Caveats
  • Supply blocks, unpowered buildings, or Contaminate may cause inaccurate times.
  • Supply counts are checked every 10 seconds.